 Dungeon Crawl Stone Soup version 0.21-a0-507-ga8f6b7a (webtiles) character file.

26726 DocClef the Blocker (level 13, -1/107 HPs)
             Began as a Gnoll Fighter on Nov 27, 2017.
             Was a High Priest of Okawaru.
             Slain by a death yak (3 damage)
             ... on level 4 of the Lair of Beasts.
             The game lasted 00:23:00 (14369 turns).

DocClef the Blocker (Gnoll Fighter)                Turns: 14369, Time: 00:23:00

Health: -1/107     AC: 20    Str: 23    XL:     13   Next: 27%
Magic:  0/25       EV: 13    Int: 11    God:    Okawaru [*****.]
Gold:   670        SH:  7    Dex: 15    Spells: 28/28 levels left

rFire    . . .     SeeInvis .   z - +3 scimitar (flame)
rCold    . . .     Gourm    .   r - +0 buckler
rNeg     . . .     Faith    .   e - +0 chain mail
rPois    .         Spirit   +   d - +0 hat
rElec    +         Reflect  .   x - +0 cloak
rCorr    .         Harm     .   (no gloves)
MR       ++...                  y - +1 pair of boots
Stlth    +.........             g - amulet of guardian spirit
HPRegen  0.27/turn              O - ring of protection from magic
MPRegen  0.19/turn              P - ring of protection from magic

@: no status effects
A: distributed training, fangs 1, hooves 1, molten scales 1, rugged brown scales
1, slimy green scales 1, electricity resistance, strong nose
a: Heroism, Finesse, Renounce Religion


You were on level 4 of the Lair of Beasts.
You worshipped Okawaru.
Okawaru was extremely pleased with you.
You were very hungry.

You visited 3 branches of the dungeon, and saw 14 of its levels.
You also visited: Ossuary and Bailey.

You collected 670 gold pieces.

Inventory:

Hand Weapons
 o - a +4 short sword of speed
 z - a +3 scimitar of flaming (weapon)
 J - a +5 quarterstaff of pain
Missiles
 h - 14 tomahawks (quivered)
Armour
 c - a +0 shield
 d - a +0 hat (worn)
 e - a +0 chain mail (worn)
 r - a +0 buckler (worn)
 x - a +0 cloak (worn)
 y - a +1 pair of boots (worn)
Jewellery
 g - an amulet of guardian spirit (around neck)
 H - an uncursed amulet of magic regeneration
 O - a ring of protection from magic (left hand)
 P - a ring of protection from magic (right hand)
Wands
 b - a wand of digging (8)
 s - a wand of clouds (4)
 v - a wand of polymorph (10)
 K - a wand of flame (33)
Scrolls
 a - 3 scrolls of immolation
 i - a scroll of fear
 j - 6 scrolls of identify
 p - 5 scrolls of teleportation
 A - 3 scrolls of amnesia
 C - a scroll of blinking
 E - 4 scrolls of fog
 G - 8 scrolls of remove curse
 L - a scroll of enchant armour
 R - a scroll of magic mapping
Potions
 k - 2 potions of berserk rage
 l - 2 potions of invisibility
 m - 9 potions of lignification
 t - 2 potions of agility
 u - 2 potions of brilliance
 D - 2 potions of flight
 F - 3 potions of might
 I - a potion of cancellation
 M - 4 potions of curing
 N - a potion of heal wounds
 Q - a potion of resistance
Comestibles
 f - 5 bread rations
 n - 18 royal jellies
 w - 10 meat rations
 B - 20 fruits


   Skills:
 + Level 10.3 Fighting
 + Level 8.0 Short Blades
 + Level 8.0 Long Blades
 + Level 8.0 Axes
 + Level 9.3 Maces & Flails
 + Level 8.0 Polearms
 + Level 8.0 Staves
 + Level 8.0 Slings
 + Level 8.0 Bows
 + Level 8.0 Crossbows
 + Level 8.0 Throwing
 + Level 10.3 Armour
 + Level 8.0 Dodging
 + Level 8.0 Stealth
 + Level 10.3 Shields
 + Level 8.0 Unarmed Combat
 + Level 8.0 Spellcasting
 + Level 6.6 Conjurations
 + Level 6.6 Hexes
 + Level 6.6 Charms
 + Level 6.6 Summonings
 + Level 6.6 Necromancy
 + Level 6.6 Translocations
 + Level 6.6 Transmutations
 + Level 6.6 Fire Magic
 + Level 6.6 Ice Magic
 + Level 6.6 Air Magic
 + Level 6.6 Earth Magic
 + Level 6.6 Poison Magic
 + Level 8.8 Invocations
 + Level 8.0 Evocations


You had 28 spell levels left.
You didn't know any spells.

Dungeon Overview and Level Annotations

Branches:
Dungeon (9/15)             Temple (1/1) D:4            Lair (4/6) D:9
  Swamp (0/4) Lair:2        Snake (0/4) Lair:3          Orc (0/2) D:9

Altars:
Ashenzari
Cheibriados
Dithmenos
Elyvilon
Fedhas
Gozag
Hepliaklqana
Kikubaaqudgha
Makhleb
Nemelex Xobeh
Okawaru
Qazlal
Ru
Sif Muna
Trog
Uskayaw
Vehumet
Wu Jian
Xom
Yredelemnul
Zin
The Shining One

Shops:
D:8 *   D:9 =


Innate Abilities, Weirdness & Mutations

Your experience applies equally to all skills.
You have very sharp teeth.
Your uncanny sense of smell can sniff out nearby items.
You have large cloven feet.
You are partially covered in molten scales. (AC +2)
You are partially covered in rugged brown scales. (AC +1, +3% HP)
You are partially covered in slimy green scales. (AC +2)
You are resistant to electric shocks. (rElec)


Message History

The death yak is moderately wounded.
The death yak gores you but does no damage.
You slash the death yak! You burn the death yak.
The death yak is heavily wounded.
You hit the death yak. You burn the death yak.
The death yak is heavily wounded.
The death yak gores you!
* * * LOW HITPOINT WARNING * * *
You slice the death yak!! You burn the death yak. You bite the death yak.
The death yak is almost dead.
You feel like a meek peon again. The death yak barely misses you.
You hit the death yak but do no damage.
The death yak is almost dead.
The death yak gores you!
* * * LOW HITPOINT WARNING * * *
You hit the death yak. You burn the death yak. Your bite misses the death yak.
The death yak is almost dead.
The death yak gores you.
You die...

## ##......#
#..#P.....##### ##
#####.P#P......##.# ###.
.................####...
..#...##.....P.#......P..
##.....##....#≈§P§..#....
..........##.§§§≈§.......
.#..##.†..###§##§#.#....
##@#..##....P.#....
.......Y.....#...P......
.⌠...⌠...#..............
...>.....#..............
.⌠...⌠...#..............
.........#..#....#......
##...##....#.##..#......
..#. .... ..... ....#


You could see a death yak.

Vanquished Creatures
  2 hydras
  Erica (D:8)
  A two-headed ogre (D:9)
  7 death yaks
  Maurice (D:9)
  2 black mambas
  Joseph (Lair:1)
  5 spiny frogs
  Psyche (D:8)
  5 komodo dragons
  2 rime drakes
  A queen bee (Lair:3)
  A slime creature (D:8)
  A hornet (D:9)
  4 hippogriffs
  3 blink frogs (Lair:2)
  24 yaks
  3 wyverns
  4 hogs (D:7)
  A human (D:7)
  A steam dragon (Lair:2)
  2 basilisks (Lair:3)
  2 hungry ghosts (D:8)
  4 nagas (Lair:3)
  4 water moccasins
  5 porcupines
  A swamp drake (D:9)
  3 black bears
  2 ice beasts
  3 sky beasts
  2 orc warriors
  9 ogres
  4 phantoms
  3 wolves (Lair:4)
  2 centaurs
  2 crocodiles (Lair:3)
  A big kobold (D:7)
  8 bullfrogs
  3 scorpions
  19 killer bees (Lair:3)
  5 wights (D:9)
  4 howler monkeys
  An electric eel (D:7)
  6 crimson imps
  A bullfrog zombie (D:2)
  A quasit (D:4)
  A centaur zombie (Ossuary)
  10 jellies
  5 hounds
  5 orc priests
  2 bullfrog skeletons
  4 orc wizards
  An iguana (D:4)
  7 worker ants
  A killer bee zombie (D:8)
  2 big kobold zombies (Ossuary)
  A hound zombie (D:7)
  2 mummies (Ossuary)
  A worker ant zombie (D:6)
  11 gnolls
  7 adders
  5 shadow imps
  12 oozes (D:8)
  5 adder skeletons
  3 adder zombies
  7 worms
  4 dart slugs
  A leopard gecko (D:5)
  38 orcs
  A ball python (D:1)
  3 bats
  5 giant cockroaches
  8 goblins
  6 hobgoblins
  9 jackals
  15 kobolds
  2 quokkas
  7 frilled lizards
  3 hobgoblin zombies (Ossuary)
  A kobold zombie (Ossuary)
  A leopard gecko skeleton (D:5)
  An orc zombie (Ossuary)
  A quokka skeleton (D:8)
  7 rats
  A plant (D:9)
374 creatures vanquished.

Vanquished Creatures (others)
  4 fungi
  3 plants (Lair:4)
7 creatures vanquished.

Grand Total: 381 creatures vanquished

Notes
Turn   | Place    | Note
-------+----------+-------------------------------------------
     0 | D:1      | DocClef the Gnoll Fighter began the quest for the Orb.
     0 | D:1      | Reached XP level 1. HP: 23/23 MP: 1/1
    27 | D:1      | Reached XP level 2. HP: 24/29 MP: 2/2
   253 | D:1      | Reached XP level 3. HP: 35/35 MP: 3/3
   678 | D:2      | Reached skill level 1 in Invocations
   721 | D:2      | Reached skill level 1 in Short Blades
   721 | D:2      | Reached skill level 1 in Long Blades
   721 | D:2      | Reached skill level 1 in Axes
   721 | D:2      | Reached skill level 1 in Polearms
   721 | D:2      | Reached skill level 1 in Staves
   721 | D:2      | Reached skill level 1 in Slings
   721 | D:2      | Reached skill level 1 in Bows
   721 | D:2      | Reached skill level 1 in Crossbows
   721 | D:2      | Reached skill level 1 in Throwing
   721 | D:2      | Reached skill level 1 in Dodging
   721 | D:2      | Reached skill level 1 in Stealth
   721 | D:2      | Reached skill level 1 in Unarmed Combat
   721 | D:2      | Reached skill level 1 in Spellcasting
   721 | D:2      | Reached skill level 1 in Evocations
   721 | D:2      | Reached XP level 4. HP: 32/41 MP: 5/5
   758 | D:2      | Found a hide-covered altar of Uskayaw.
   837 | D:2      | Reached skill level 1 in Conjurations
   837 | D:2      | Reached skill level 1 in Hexes
   837 | D:2      | Reached skill level 1 in Charms
   837 | D:2      | Reached skill level 1 in Summonings
   837 | D:2      | Reached skill level 1 in Necromancy
   837 | D:2      | Reached skill level 1 in Translocations
   837 | D:2      | Reached skill level 1 in Transmutations
   837 | D:2      | Reached skill level 1 in Fire Magic
   837 | D:2      | Reached skill level 1 in Ice Magic
   837 | D:2      | Reached skill level 1 in Air Magic
   837 | D:2      | Reached skill level 1 in Earth Magic
   837 | D:2      | Reached skill level 1 in Poison Magic
   837 | D:2      | Reached XP level 5. HP: 40/47 MP: 6/6
   846 | D:2      | Found a basalt altar of Yredelemnul.
   951 | D:2      | Found a faded altar of an unknown god.
  1310 | D:3      | Found a burning altar of Makhleb.
  1310 | D:3      | Found a shimmering altar of Xom.
  1409 | D:3      | Reached XP level 6. HP: 49/53 MP: 6/8
  1510 | D:3      | Found a white marble altar of Elyvilon.
  1513 | D:3      | Found a bloodstained altar of Trog.
  1516 | D:3      | Found a stormy altar of Qazlal.
  1602 | D:3      | Noticed a hippogriff
  1608 | D:3      | Killed a hippogriff
  1608 | D:3      | Reached skill level 5 in Maces & Flails
  1608 | D:3      | Reached XP level 7. HP: 54/59 MP: 8/10
  2001 | D:4      | Found a staircase to the Ecumenical Temple.
  2027 | Temple   | Entered the Ecumenical Temple
  2100 | Temple   | Became a worshipper of Warmaster Okawaru
  2494 | D:4      | Reached * piety under Okawaru
  2494 | D:4      | Reached XP level 8. HP: 56/67 MP: 10/12
  2508 | D:4      | Found a glowing silver altar of Zin.
  2590 | D:5      | Entered Level 5 of the Dungeon
  2887 | D:5      | Found an ornate altar of the Wu Jian Council.
  4136 | D:7      | Reached XP level 9. HP: 72/72 MP: 14/14
  4187 | D:7      | Reached ** piety under Okawaru
  4300 | D:7      | Reached *** piety under Okawaru
  4522 | D:7      | Found an ancient bone altar of Kikubaaqudgha.
  4569 | D:7      | Reached skill level 5 in Invocations
  4641 | D:7      | Reached XP level 10. HP: 27/80 MP: 8/17
  4874 | D:7      | Found a flagged portal.
  4883 | Bailey   | Entered a bailey
  4888 | Bailey   | Noticed sokol815's ghost (novice GnSk)
  4994 | Bailey   | HP: 2/80 [sokol815's ghost (8)]
  6361 | D:8      | Noticed Psyche
  6363 | D:8      | Found Xiowo's General Store.
  6509 | D:8      | Reached skill level 5 in Short Blades
  6509 | D:8      | Reached skill level 5 in Long Blades
  6509 | D:8      | Reached skill level 5 in Axes
  6509 | D:8      | Reached skill level 5 in Polearms
  6509 | D:8      | Reached skill level 5 in Staves
  6509 | D:8      | Reached skill level 5 in Slings
  6509 | D:8      | Reached skill level 5 in Bows
  6509 | D:8      | Reached skill level 5 in Crossbows
  6509 | D:8      | Reached skill level 5 in Throwing
  6509 | D:8      | Reached skill level 5 in Dodging
  6509 | D:8      | Reached skill level 5 in Stealth
  6509 | D:8      | Reached skill level 5 in Unarmed Combat
  6509 | D:8      | Reached skill level 5 in Spellcasting
  6509 | D:8      | Reached skill level 5 in Evocations
  6578 | D:8      | Reached **** piety under Okawaru
  6595 | D:8      | Found a sand-covered staircase.
  6610 | D:8      | Noticed Erica
  6625 | Ossuary  | Entered an ossuary
  6916 | Ossuary  | Gained mutation: Your muscles are strong. (Str +2) [potion of mutation]
  6916 | Ossuary  | Gained mutation: You are partially covered in molten scales. (AC +2) [potion of mutation]
  6916 | Ossuary  | Gained mutation: You are frail. (-10% HP) [potion of mutation]
  6916 | Ossuary  | Gained mutation: You are partially covered in rugged brown scales. (AC +1, +3% HP) [potion of mutation]
  6997 | D:8      | Killed Erica
  7479 | D:8      | Killed Psyche
  7517 | D:8      | Reached ***** piety under Okawaru
  7602 | D:8      | Reached XP level 11. HP: 61/80 MP: 19/19
  8066 | D:9      | Noticed a two-headed ogre
  8082 | D:9      | Killed a two-headed ogre
  8251 | D:9      | Noticed Maurice
  8511 | D:9      | Found a hazy altar of Hepliaklqana.
  8522 | D:9      | Reached skill level 5 in Conjurations
  8522 | D:9      | Reached skill level 5 in Hexes
  8522 | D:9      | Reached skill level 5 in Charms
  8522 | D:9      | Reached skill level 5 in Summonings
  8522 | D:9      | Reached skill level 5 in Necromancy
  8522 | D:9      | Reached skill level 5 in Translocations
  8522 | D:9      | Reached skill level 5 in Transmutations
  8522 | D:9      | Reached skill level 5 in Fire Magic
  8522 | D:9      | Reached skill level 5 in Ice Magic
  8522 | D:9      | Reached skill level 5 in Air Magic
  8522 | D:9      | Reached skill level 5 in Earth Magic
  8522 | D:9      | Reached skill level 5 in Poison Magic
  8736 | D:9      | Killed Maurice
  8850 | D:9      | Found Veckep's Jewellery Shoppe.
  8903 | D:9      | Found a snail-covered altar of Cheibriados.
  8987 | D:9      | Received a gift from Okawaru
  9324 | D:9      | Found a staircase to the Orcish Mines.
  9495 | D:9      | Found a shadowy altar of Dithmenos.
  9507 | D:9      | Found a staircase to the Lair.
  9953 | Lair:1   | Entered Level 1 of the Lair of Beasts
  9957 | Lair:1   | Noticed Joseph
  9971 | Lair:1   | Killed Joseph
 10346 | Lair:1   | Noticed a six-headed hydra
 10363 | Lair:1   | Killed a two-headed hydra
 11229 | Lair:1   | Received a gift from Okawaru
 11234 | Lair:1   | Reached XP level 12. HP: 74/89 MP: 17/22
 11239 | Lair:1   | Got a translucent chain mail {god gift}
 11250 | Lair:1   | Identified the +1 chain mail "Awiuxzux" {+Fly Slay-2 SInv} (Okawaru gifted it to you on level 1 of the Lair of Beasts)
 11665 | Lair:2   | Found a staircase to the Swamp.
 11674 | Lair:2   | Noticed a death yak
 11678 | Lair:2   | Noticed a death yak
 11678 | Lair:2   | Noticed a death yak
 11682 | Lair:2   | Noticed a death yak
 11690 | Lair:2   | Killed a death yak
 11695 | Lair:2   | Killed a death yak
 11700 | Lair:2   | Killed a death yak
 11705 | Lair:2   | Killed a death yak
 12192 | Lair:2   | Noticed a five-headed hydra
 12202 | Lair:2   | Killed a one-headed hydra
 12722 | Lair:3   | Reached skill level 10 in Fighting
 12722 | Lair:3   | Reached skill level 10 in Armour
 12722 | Lair:3   | Reached skill level 10 in Shields
 13165 | Lair:3   | Received a gift from Okawaru
 13192 | Lair:3   | Reached XP level 13. HP: 84/95 MP: 22/24
 13202 | Lair:3   | Found a staircase to the Snake Pit.
 13516 | Lair:3   | Lost mutation: Your muscles are strong. (Str +2) [potion of mutation]
 13516 | Lair:3   | Lost mutation: You are frail. (-10% HP) [potion of mutation]
 13516 | Lair:3   | Gained mutation: You have supernaturally acute eyesight. (SInv) [potion of mutation]
 13516 | Lair:3   | Gained mutation: You are partially covered in slimy green scales. (AC +2) [potion of mutation]
 13516 | Lair:3   | Gained mutation: You are robust. (+10% HP) [potion of mutation]
 14354 | Lair:4   | Lost mutation: You have supernaturally acute eyesight. (SInv) [potion of mutation]
 14354 | Lair:4   | Lost mutation: You are robust. (+10% HP) [potion of mutation]
 14354 | Lair:4   | Gained mutation: You have large cloven feet. [potion of mutation]
 14354 | Lair:4   | Gained mutation: You are resistant to electric shocks. (rElec) [potion of mutation]
 14368 | Lair:4   | HP: 2/107 [death yak (9)]
 14369 | Lair:4   | Slain by a death yak

Vault maps used:
D:1:      dpeg_arrival_rooms_b
D:2:      yredelemnul_altar_generic, overflow_temple_1_default,
          chequers_ecumenical_altar_island
D:3:      grunt_temple_overflow_champion_of_chaos,
          grunt_temple_overflow_diamond, first_bread
D:4:      zin_academy, minmay_temple_entry_glass
D:5:      lemuel_crystal_altar, minmay_misc_feat_hallway
D:6:      minmay_crystal_room
D:7:      overflow_temple_1_default, enter_bailey_1, grunt_livestock,
          nrook_pool_corridor
D:8:      lemuel_slime, serial_shops, shop, nicolae_ossuary_entry_plus,
          uniq_erica, uniq_psyche
D:9:      cheibrodos_worm_habitat, overflow_temple_1_default,
          grunt_dithmenos_shadows, david_lair_shrubbed, erik_orc_1,
          serial_shops, shop, fungi_pond_lemuel, uniq_maurice
Temple:   compressed_dpeg_triangle_lava_temple
Lair:1:   serial_bayou_pond_e, lemuel_old_faithful, uniq_joseph
Lair:2:   swamp_mist_pool, lemuel_fruit_tree
Lair:3:   minmay_snake_entry_guardpost_small, special_room,
          hangedman_lair_unloving_vines, grunt_megastairs_1
Lair:4:   worms_lemuel, grunt_megastairs_2, lemuel_fruit_fields,
          lemuel_fruit_fields
Ossuary:  ossuary_crypta
Bailey:   bailey_axe_3, bailey

Skill      XL: |  1  2  3  4  5  6  7  8  9 10 11 12 13 |
---------------+----------------------------------------+-----
Invocations    | 1 2 3 4 5 6 7 8 |  8.8
Short Blades   | 1 2 3 4 5 6 7 8 |  8.0
Long Blades    | 1 2 3 4 5 6 7 8 |  8.0
Axes           | 1 2 3 4 5 6 7 8 |  8.0
Polearms       | 1 2 3 4 5 6 7 8 |  8.0
Staves         | 1 2 3 4 5 6 7 8 |  8.0
Slings         | 1 2 3 4 5 6 7 8 |  8.0
Bows           | 1 2 3 4 5 6 7 8 |  8.0
Crossbows      | 1 2 3 4 5 6 7 8 |  8.0
Throwing       | 1 2 3 4 5 6 7 8 |  8.0
Dodging        | 1 2 3 4 5 6 7 8 |  8.0
Stealth        | 1 2 3 4 5 6 7 8 |  8.0
Unarmed Combat | 1 2 3 4 5 6 7 8 |  8.0
Spellcasting   | 1 2 3 4 5 6 7 8 |  8.0
Evocations     | 1 2 3 4 5 6 7 8 |  8.0
Conjurations   | 1 2 3 4 5 6 |  6.6
Hexes          | 1 2 3 4 5 6 |  6.6
Charms         | 1 2 3 4 5 6 |  6.6
Summonings     | 1 2 3 4 5 6 |  6.6
Necromancy     | 1 2 3 4 5 6 |  6.6
Translocations | 1 2 3 4 5 6 |  6.6
Transmutations | 1 2 3 4 5 6 |  6.6
Fire Magic     | 1 2 3 4 5 6 |  6.6
Ice Magic      | 1 2 3 4 5 6 |  6.6
Air Magic      | 1 2 3 4 5 6 |  6.6
Earth Magic    | 1 2 3 4 5 6 |  6.6
Poison Magic   | 1 2 3 4 5 6 |  6.6
Maces & Flails | 5 6 7 8 9 |  9.3
Fighting       | 7 8 9 10 | 10.3
Armour         | 7 8 9 10 | 10.3
Shields        | 7 8 9 10 | 10.3

Action                   |  1- 3 |  4- 6 |  7- 9 | 10-12 | 13-15 || total
-------------------------+-------+-------+-------+-------+-------++-------
Melee: Flail             |    46 |       |       |       |       ||    46
       Bite              |    13 |    26 |   101 |   170 |    16 ||   326
       Short sword       |    40 |   176 |   651 |   711 |       ||  1578
       Scimitar          |       |       |       |   299 |    97 ||   396
       Quarterstaff      |       |       |       |    55 |       ||    55
       Punch             |       |       |       |     5 |       ||     5
Throw: Tomahawk          |       |       |       |    13 |       ||    13
Invok: Heroism           |       |       |     1 |    18 |     2 ||    21
       Finesse           |       |       |       |     2 |       ||     2
Evoke: Wand              |       |       |       |     1 |       ||     1
  Use: Potion            |       |     1 |     3 |    13 |     2 ||    19
       Scroll            |       |       |     2 |    18 |     2 ||    22
 Stab: Invisible         |       |     2 |       |       |       ||     2
  Eat: Chunk             |       |     2 |     6 |    17 |     4 ||    29
       Bread ration      |       |       |     1 |     4 |       ||     5
       Royal jelly       |       |       |       |     1 |       ||     1
       Fruit             |       |       |       |     1 |       ||     1
Armor: Scale mail        |    11 |       |       |       |       ||    11
       Chain mail        |    26 |    79 |   210 |   238 |    40 ||   593
Dodge: Dodged            |    26 |    49 |   139 |   342 |    59 ||   615
Block: Shield            |    39 |     8 |       |       |       ||    47
       Buckler           |       |    38 |   120 |   169 |    14 ||   341
       Rpst.: Scimitar   |       |       |       |    45 |    22 ||    67

Table legend:
 A = Spawn XP
 B = Non-spawn XP
 C = Spawn XP percentage of total XP
 D = Spawn monster count
 E = Non-spawn monster count
 F = Spawn count percentage of total count
 G = Total turns spent on level
                    A         B        C        D         E        F      G
               +---------+---------+-------+---------+---------+-------+---------
         Total |       0 |   38180 |   0.0 |       0 |     373 |   0.0 | 14369
               +---------+---------+-------+---------+---------+-------+---------
           D:1 |       0 |      40 |   0.0 |       0 |      23 |   0.0 |   613
           D:2 |       0 |     211 |   0.0 |       0 |      27 |   0.0 |   532
           D:3 |       0 |     417 |   0.0 |       0 |      25 |   0.0 |   592
           D:4 |       0 |     581 |   0.0 |       0 |      24 |   0.0 |   761
           D:5 |       0 |     589 |   0.0 |       0 |      19 |   0.0 |   792
           D:6 |       0 |     385 |   0.0 |       0 |      10 |   0.0 |   706
           D:7 |       0 |    2796 |   0.0 |       0 |      46 |   0.0 |  2088
           D:8 |       0 |    4356 |   0.0 |       0 |      45 |   0.0 |  1448
           D:9 |       0 |    4176 |   0.0 |       0 |      46 |   0.0 |  1887
        Lair:1 |       0 |    4953 |   0.0 |       0 |      15 |   0.0 |  1390
        Lair:2 |       0 |    9014 |   0.0 |       0 |      24 |   0.0 |  1173
        Lair:3 |       0 |    7163 |   0.0 |       0 |      49 |   0.0 |  1566
        Lair:4 |       0 |    3361 |   0.0 |       0 |       9 |   0.0 |   287
       Ossuary |       0 |     137 |   0.0 |       0 |      10 |   0.0 |   330
        Bailey |       0 |       1 |   0.0 |       0 |       1 |   0.0 |   112
               +---------+---------+-------+---------+---------+-------+---------
